 Dungeon Crawl Stone Soup version 0.30-a0-1018-g25214051b3 (webtiles) character file.

Game seed: 8260786504609542720

4374 Dirian the Cleaver (level 10, 0/136 HPs)
             Began as a Minotaur Berserker on Apr 7, 2023.
             Was an Elder of Trog.
             Slain by an orc warrior
             ... wielding a +2 heavy morningstar
              (23 damage)
             ... on level 8 of the Dungeon.
             The game lasted 00:15:52 (7106 turns).

Dirian the Cleaver (Minotaur Berserker)             Turns: 7106, Time: 00:15:52

Health: 0/136      AC: 14    Str: 27    XL:     10   Next: 13%
Magic:  9/9        EV:  9    Int:  4    God:    Trog [****..]
Gold:   871        SH:  8    Dex:  9    Spells: 9/9 levels left

rFire   x . .      SeeInvis +    a - +0 hand axe
rCold   + . .      Faith    .    x - +0 kite shield
rNeg    . . .      Spirit   .    n - +3 scale mail {rPois}
rPois   +          Reflect  .    (helmet restricted)
rElec   +          Rampage  .    u - scarf {rC+ rF+}
rCorr   +                        w - +0 pair of gloves
Will    ++...                    (no boots) Stlth
                                 (no amulet)
HPRegen 1.42/turn                j - ring "Vathrippi" {rElec rPois rCorr SInv Stlth+}
MPRegen 0.11/turn                (no ring)

@: berserking, strong-willed, regenerating, very quick
A: horns 2, retaliatory headbutt, iridescent scales 1, heat vulnerability 2
a: Renounce Religion, Berserk, Trog's Hand, Brothers in Arms


You were on level 8 of the Dungeon.
You worshipped Trog.
Trog was greatly pleased with you.
You visited 1 branch of the dungeon, and saw 8 of its levels.
You also visited: Sewer.

You collected 1481 gold pieces.
You spent 610 gold pieces at shops.

Inventory:

Hand Weapons
 a - a +0 hand axe (weapon)
 f - a +3 flail
Armour
 l - a +0 plate armour
 n - a +3 scale mail of poison resistance (worn)
 u - a scarf of resistance (worn)
 w - a +0 pair of gloves (worn)
 x - a +0 kite shield (worn)
Jewellery
 j - the ring "Vathrippi" (left hand) {rElec rPois rCorr SInv Stlth+}
   (You found it on level 6 of the Dungeon)

   [ring of see invisible]

   rElec:     It insulates you from electricity.
   rPois:     It protects you from poison.
   SInv:      It lets you see invisible.
   rCorr:     It protects you from acid and corrosion.
   Stlth:     It makes you more stealthy.
Wands
 k - a wand of flame (31)
 v - a wand of digging (3)
Scrolls
 b - 2 scrolls of enchant armour
 c - 3 scrolls of fog
 i - 2 scrolls of summoning
 m - 2 scrolls of immolation
 o - a scroll of vulnerability
 p - a scroll of fear
 r - 3 scrolls of identify
 t - 6 scrolls of teleportation
Potions
 d - 4 potions of might
 e - a potion of berserk rage
 g - 2 potions of magic
 h - a potion of haste
 q - 3 potions of curing
 s - 3 potions of attraction


   Skills:
 + Level 9.0 Fighting
 + Level 12.6 Axes
 + Level 9.1 Armour
 - Level 2.1 Dodging
 + Level 4.3 Shields


You had 9 spell levels left.
You didn't know any spells.
Your spell library was empty.

Dungeon Overview and Level Annotations

Branches:
Dungeon (8/15) Zot: 26875  Temple (0/1) D:4           Sewer (visited)
   Lair: D:8-11

Altars:
Ashenzari
Ru
Yredelemnul
The Shining One

Shops:
D:2 *   D:6 *

Annotations:
D:6 2 transporters, Reshi88's ghost, novice SpWr
D:7 Joseph


Innate Abilities, Weirdness & Mutations

You have a pair of horns on your head.
You reflexively headbutt those who attack you in melee.
You are partially covered in iridescent scales. (AC +2)
You are very vulnerable to heat. (rF--)


Message History

Your skin stops crawling.
You feel less strong-willed.
You open the door.
An orc warrior, 2 orc wizards and 2 orcs come into view.
The orc warrior is wielding a +2 heavy morningstar.
The orc warrior shouts!
The orc shouts!
The orc wizard shouts!
The orc shouts!
Your skin crawls.
You feel strong-willed.
A red film seems to cover your vision as you go berserk!
You feel yourself moving faster!
You feel mighty!
The orc warrior hits you with a +2 heavy morningstar!
* * * LOW HITPOINT WARNING * * *
The orc wizard points at you and mumbles some strange words.
The magic dart hits you.
* * * LOW HITPOINT WARNING * * *
You barely miss the orc wizard.
You hit the orc warrior but do no damage.
You block the orc wizard's attack.
You closely miss the orc wizard. You closely miss the orc warrior.
The orc warrior hits you with a +2 heavy morningstar!
* * * LOW HITPOINT WARNING * * *
You miss the orc wizard. You hit the orc warrior.
The orc wizard hits you but does no damage.
You hit the orc wizard. Your headbutt misses the orc wizard.
The orc wizard is heavily wounded.
You closely miss the orc warrior.
The orc wizard hits you but does no damage.
The orc warrior hits you with a +2 heavy morningstar.
* * * LOW HITPOINT WARNING * * *
You slash the orc wizard!
You kill the orc wizard!
Trog accepts your kill.
Trog appreciates your killing of a magic user.
You closely miss the orc warrior. You hit the orc warrior.
The orc warrior is moderately wounded.
You hit the orc warrior.
The orc warrior is moderately wounded.
You hit the orc.
The orc warrior hits you with a +2 heavy morningstar!!
You die...

###.....##..#
.####.........†.#
.............(.##
######.###†##)#
#.# #†††.# #.#
###### #.# #.#
#@# #ooo....#
#.#.....#
#.#.....# #.#
....# ..# ....#
..# ...# ..# ...#


You could see an orc warrior and 2 orcs.

Vanquished Creatures
  Sigmund (D:5)
  A wyvern (D:8)
  Eustachio (D:4)
  2 steam dragons (D:7)
  A water moccasin (D:6)
  Pargi (Sewer)
  A black bear (D:7)
  3 ice beasts
  4 ogres
  3 phantoms
  2 gnoll sergeants
  A bullfrog (D:7)
  Blork the orc (D:4)
  4 scorpions
  12 wights
  8 killer bees (D:8)
  A howler monkey (D:4)
  5 orc priests
  5 hounds
  A jelly (D:4)
  3 iguanas
  Terence (D:2)
  8 orc wizards
  14 gnolls (D:7)
  7 adders
  4 river rats (D:3)
  2 shadow imps
  2 white imps (D:6)
  An ufetubus (D:4)
  5 worms
  3 dart slugs
  24 orcs
  2 endoplasms
  6 giant cockroaches
  4 goblins
  6 hobgoblins
  2 jackals (D:4)
  6 quokkas
  10 ball pythons
  5 bats
  5 frilled lizards
  10 kobolds
  6 rats
194 creatures vanquished.

Vanquished Creatures (others)
  An orc wizard (D:5)
1 creature vanquished.

Grand Total: 195 creatures vanquished

Notes
Turn   | Place    | Note
-------+----------+-------------------------------------------
     0 | D:1      | Dirian the Minotaur Berserker began the quest for the Orb.
     0 | D:1      | Reached XP level 1. HP: 19/19 MP: 0/0
   289 | D:1      | Reached XP level 2. HP: 22/27 MP: 1/1
   362 | D:1      | Reached skill level 4 in Axes
   899 | D:2      | Reached XP level 3. HP: 28/33 MP: 2/2
  1021 | D:2      | Reached ** piety under Trog
  1073 | D:2      | Found Xooseed's Assorted Antiques.
  1196 | D:2      | Noticed Terence
  1206 | D:2      | Killed Terence
  1207 | D:2      | Reached skill level 5 in Axes
  1207 | D:2      | Reached XP level 4. HP: 32/41 MP: 3/3
  1540 | D:3      | Identified a scroll of acquirement
  1715 | D:3      | Reached XP level 5. HP: 34/47 MP: 4/4
  1809 | D:3      | Reached skill level 6 in Axes
  1814 | D:3      | Found a glowing drain.
  1823 | Sewer    | Entered a sewer
  1862 | Sewer    | Noticed Pargi
  1866 | Sewer    | Killed Pargi
  1867 | Sewer    | Reached skill level 5 in Fighting
  1867 | Sewer    | Reached XP level 6. HP: 56/56 MP: 5/5
  2151 | D:3      | Found a basalt altar of Yredelemnul.
  2303 | D:3      | Found a faded altar of an unknown god.
  2609 | D:3      | Gained mutation: You are vulnerable to heat. (rF-) [potion
                  | of mutation]
  2609 | D:3      | Gained mutation: You are partially covered in iridescent
                  | scales. (AC +2) [potion of mutation]
  2609 | D:3      | Gained mutation: You are very vulnerable to heat. (rF--)
                  | [potion of mutation]
  2647 | D:2      | Bought a blue potion for 23 gold pieces
  2647 | D:2      | Bought a metallic blue potion for 23 gold pieces
  2647 | D:2      | Bought a potion of curing for 78 gold pieces
  2647 | D:2      | Bought a bubbling grey potion for 23 gold pieces
  2699 | D:3      | Acquired 1068 gold pieces
  2749 | D:2      | Bought a potion of berserk rage for 130 gold pieces
  2749 | D:2      | Bought a buckler for 117 gold pieces
  2749 | D:2      | Bought a potion of curing for 78 gold pieces
  2787 | D:4      | Reached skill level 7 in Axes
  2872 | D:4      | Found a staircase to the Ecumenical Temple.
  3078 | D:4      | Noticed Blork the orc
  3084 | D:4      | Killed Blork the orc
  3289 | D:4      | Noticed Eustachio
  3322 | D:4      | Killed Eustachio
  3323 | D:4      | Reached skill level 5 in Armour
  3323 | D:4      | Reached XP level 7. HP: 54/62 MP: 6/6
  3393 | D:4      | Reached skill level 8 in Axes
  3418 | D:4      | Reached *** piety under Trog
  3874 | D:5      | Entered Level 5 of the Dungeon
  4031 | D:5      | Noticed Sigmund
  4042 | D:5      | Reached XP level 8. HP: 70/70 MP: 7/7
  4047 | D:5      | Killed Sigmund
  4048 | D:5      | Reached skill level 9 in Axes
  4048 | D:5      | Reached skill level 1 in Shields
  4411 | D:5      | Reached skill level 10 in Axes
  4954 | D:6      | Found Cohuegg's General Store.
  5017 | D:6      | Noticed Reshi88's ghost (novice SpWr)
  5019 | D:6      | Found a transporter.
  5020 | D:6      | Noticed a manticore
  5093 | D:6      | Reached XP level 9. HP: 77/79 MP: 8/8
  5159 | D:6      | Identified the ring "Vathrippi" {rElec rPois rCorr SInv
                  | Stlth+}
  5273 | D:6      | Found a sacrificial altar of Ru.
  5278 | D:6      | Reached skill level 11 in Axes
  5280 | D:6      | Reached **** piety under Trog
  5482 | D:6      | Found a transporter.
  5717 | D:6      | Found a glowing golden altar of the Shining One.
  5929 | D:6      | Bought a wand of digging (3) for 138 gold pieces
  5979 | D:7      | Noticed Joseph
  6084 | D:7      | Found a broken altar of Ashenzari.
  6261 | D:7      | Reached skill level 12 in Axes
  7045 | D:8      | Reached XP level 10. HP: 46/90 MP: 9/9
  7106 | D:8      | Slain by an orc warrior

Illustrated notes

Levels and vault maps discovered:
D:1:      nicolae_arrival_somewhat_less_tricky_arrival, layout_loops_ring
D:2:      layout_rooms, serial_shops, nicolae_shop_competitors_out_of_business,
          kennysheep_generic_room_10, uniq_terence
D:3:      layout_basic, mainiacjoe_overflow_concentric_impassable,
          lightli_sewer_entry_pipes, shapermc_ecumenical_altar_hornbeckon
D:4:      layout_loops_corners, minmay_temple_entry_mist, uniq_eustachio,
          uniq_blork_the_orc
D:5:      layout_basic, uniq_sigmund
D:6:      layout_loops_ring, mainiacjoe_overflow_alcove_2,
          nicolae_ru_awakened_eye, serial_shops, nicolae_shop_hallway_stairs,
          gammafunk_ghost_arena
D:7:      layout_basic, mainiacjoe_overflow_boulevard, uniq_joseph
D:8:      layout_basic, mainiacjoe_overflow_tiny_flanked,
          nicolae_ossuary_entry_plus

Skill      XL: |  1  2  3  4  5  6  7  8  9 10 |
---------------+-------------------------------+-----
Fighting       | 4 5 6 7 8 9 |  9.0
Axes           | 4 5 6 7 8 10 12 | 12.6
Armour         | 3 4 5 6 7 8 9 |  9.1
Shields        | 1 3 4 |  4.3
Dodging        | |  2.1

Action                     |  1- 3 |  4- 6 |  7- 9 | 10-12 || total
---------------------------+-------+-------+-------+-------++-------
  Melee: Hand axe          |    88 |   157 |   402 |    43 ||   690
         Headbutt          |    11 |    19 |    71 |     4 ||   105
         Punch             |       |     2 |       |       ||     2
 Invoke: Berserk           |       |     4 |     3 |     1 ||     8
         Trog's Hand       |       |     2 |     3 |     2 ||     7
    Use: Scroll            |       |     8 |     6 |       ||    14
         Potion            |       |    11 |     3 |       ||    14
   Stab: Sleeping          |     1 |       |       |       ||     1
 Armour: Animal skin       |    11 |       |       |       ||    11
         Ring mail         |    13 |       |       |       ||    13
         Scale mail        |       |    55 |   147 |    41 ||   243
  Dodge: Dodged            |    53 |    65 |   134 |    37 ||   289
  Block: Buckler           |       |     4 |    18 |       ||    22
         Kite shield       |       |       |    58 |    35 ||    93

Table legend: (Time is in decaauts)
 A = Elapsed time spent in this place.
 B = Non-inter-level travel time spent in this place.
 C = Inter-level travel time spent in this place.
 D = Time resting spent in this place.
 E = Time spent auto-exploring this place.
 F = Levels seen in this place.
 G = Mean time per level.
                   A        B        C        D        E       F      G
               +--------+--------+--------+--------+--------+-----+--------+
         Total |   7176 |   6758 |    418 |    101 |   4949 |   9 |  797.3 |
       Dungeon |   7031 |   6613 |    418 |    101 |   4867 |   8 |  878.9 |
         Sewer |    144 |    144 |      0 |      0 |     82 |   1 |  144.0 |
               +--------+--------+--------+--------+--------+-----+--------+

Top non-repeatable levels by time:
     D:6: 1213 daAuts
     D:3: 1123 daAuts
     D:4: 1117 daAuts
     D:7: 940 daAuts
     D:5: 915 daAuts
     D:1: 839 daAuts
     D:2: 759 daAuts
   Sewer: 144 daAuts
     D:8: 123 daAuts
